 Dungeon Crawl Stone Soup version 0.19-a0-1907-gcff654f (webtiles) character file.

15173 rgaf the Gouger (level 11, -7/55 HPs)
             Began as a Felid Berserker on Oct 21, 2016.
             Was a High Priest of Trog.
             Mangled by a death yak (14 damage)
             ... on level 5 of the Lair of Beasts.
             The game lasted 00:22:14 (19071 turns).

rgaf the Gouger (Felid Berserker)                  Turns: 19071, Time: 00:22:15

Health: -7/55      AC:  3    Str: 13    XL:     11   Next: 98%
Magic:  0/18       EV: 30    Int:  9    God:    Trog [*****.]
Gold:   815        SH:  0    Dex: 20    Spells: 0 memorised, 10 levels left
                                        Lives:  0   Deaths: 3

rFire  . . .     SeeInvis +       - Unarmed
rCold  + . .     Gourm    .     (armour unavailable)
rNeg   . . .     Faith    .     (shield unavailable)
rPois  .         Spirit   +     (helmet unavailable)
rElec  .         Reflect  .     (cloak unavailable)
rCorr  .         Harm     .     (gloves unavailable)
MR     +....                    (boots unavailable)
Stlth  +++++.....               L - amulet of guardian spirit
                                (no ring)
                                (no ring)

@: exhausted, slowed, slow
A: no armour, no weapons or thrown items, stealth, claws 1, fangs 3, see
invisible, carnivore 3, speed 1, shaggy fur 3, slow metabolism 1, sharp paws
a: Berserk, Trog's Hand, Brothers in Arms, Burn Spellbooks, Renounce Religion


You were on level 5 of the Lair of Beasts.
You worshipped Trog.
Trog was extremely pleased with you.
You were very full.

You visited 2 branches of the dungeon, and saw 14 of its levels.

You collected 815 gold pieces.

Inventory:

Jewellery
 L - an amulet of guardian spirit (around neck)
 Q - an uncursed ring of fire {unknown}
Wands
 h - a wand of digging (15/24)
 v - a wand of iceblast (6/15)
 A - a wand of iceblast (13/15)
 C - a wand of iceblast (7/15)
 D - a wand of polymorph (6/24)
 E - a wand of random effects (43/48)
 F - a wand of polymorph (2/24)
 K - a wand of acid (10/15)
 O - a wand of disintegration (7/24)
 S - a wand of teleportation (2/9)
Scrolls
 b - 2 scrolls of blinking {unknown}
 c - 6 scrolls of fear {unknown}
 d - 7 scrolls of enchant weapon
 e - a scroll of recharging {unknown}
 f - 5 scrolls of remove curse
 i - 2 scrolls of enchant armour {unknown}
 k - 5 scrolls of fog {unknown}
 m - 2 scrolls of teleportation {unknown}
 u - a scroll of silence {unknown}
 w - 4 scrolls of amnesia {unknown}
 x - 2 scrolls of random uselessness {unknown}
 y - 2 scrolls of immolation {unknown}
 z - a scroll of magic mapping {unknown}
 I - a scroll of noise {unknown}
 M - 2 scrolls of identify
Potions
 g - 4 potions of flight
 l - a potion of invisibility {unknown}
 n - 6 potions of heal wounds {unknown}
 o - a potion of brilliance {unknown}
 p - a potion of degeneration {unknown}
 s - 3 potions of haste
 t - 4 potions of agility {unknown}
 B - 2 potions of might {unknown}
 G - 2 potions of cancellation {unknown}
 N - a potion of mutation {unknown}
Books
 q - a book of Geomancy

   Spells                             Type                      Level
   a - Sandblast                      Earth                        1
   b - Passwall                       Transmutation/Earth          2
   c - Stone Arrow                    Conjuration/Earth            3
   d - Petrify                        Transmutation/Earth          4
   e - Lee's Rapid Deconstruction     Earth                        5
   Trog disapproves of the use of such an item.
 H - a book of Frost

   Spells                             Type                      Level
   a - Freeze                         Ice                          1
   b - Throw Frost                    Conjuration/Ice              2
   c - Ozocubu's Armour               Charms/Ice                   3
   d - Throw Icicle                   Conjuration/Ice              4
   e - Summon Ice Beast               Ice/Summoning                4
   Trog disapproves of the use of such an item.
 P - a book of Spatial Translocations

   Spells                             Type                      Level
   a - Blink                          Translocation                2
   b - Shroud of Golubria             Charms/Translocation         2
   c - Lesser Beckoning               Translocation                3
   d - Portal Projectile              Translocation                3
   e - Teleport Other                 Translocation                3
   f - Passage of Golubria            Translocation                4
   Trog disapproves of the use of such an item.
Comestibles
 a - 5 meat rations
 j - 3 beef jerkies
 r - 12 royal jellies
 R - a slice of pizza


   Skills:
 + Level 10.4 Fighting
 + Level 13.1 Dodging
 + Level 10.6 Stealth
 * Level 14.4 Unarmed Combat
 + Level 8.3 Evocations


You had 10 spell levels left.
You didn't know any spells.

Dungeon Overview and Level Annotations

Branches:
Dungeon (9/15)             Temple (0/1) D:6            Lair (5/6) D:8
 Shoals (0/4) Lair:4       Spider (0/4) Lair:2
  Slime: Lair:5-6       Orc: D:9-12

Altars:
Elyvilon
Fedhas
Okawaru
Yredelemnul

Annotations:
D:5 Blork the orc


Innate Abilities, Weirdness & Mutations

You cannot wear armour.
You are incapable of wielding weapons or throwing items.
Your paws allow you to move quietly. (Stealth)
You have sharp claws.
You have razor-sharp teeth.
You have supernaturally acute eyesight. (SInv)
You are carnivorous and can eat meat at any time.
You cover ground quickly.
Your thick and shaggy fur keeps you warm. (AC +3, rC+)
You have a slow metabolism.
Your sharp claws are effective at attacking unaware monsters.


Message History

You feel yourself slow down. The death yak gores you.
You scratch the death yak.
You kill the death yak!
Trog accepts your kill.
You scratch the death yak but do no damage.
You bite the death yak.
The death yak is lightly wounded.
You claw the death yak!
You claw the death yak, but do no damage.
The death yak is lightly wounded.
The death yak completely misses you.
You claw the death yak!
The death yak is moderately wounded.
The death yak gores you! The death yak gores you!!
* * * LOW HITPOINT WARNING * * *
You are too injured to fight recklessly!
You are too injured to fight recklessly!
Your deep troll goes berserk!
You feel quite a bit less full. The death yak gores you!
You die...

###P...#....
#...P.......
####..........
##.............
#..............
#.....÷........
.....
#.(...#.........
.......
##T#..####........
........# ##@##.##
#.#.##...
..........#
##Y######
####.P...
..........####Y##
#.# #.....
.............Y##
#.## ###.....
#............S.#
#.#P###..#....
...............##
#.#...........
...........#....#
#.#P..........
..$............##
#†###.........
...............#
###.####........


You could see 3 death yaks, a black mamba and a friendly deep troll (berserk).

Vanquished Creatures
  4 hydras
  A queen ant (Lair:3)
  10 death yaks
  6 spiny frogs
  3 rime drakes
  3 komodo dragons
  A merfolk (Lair:4)
  A jumping spider (Lair:2)
  A troll (D:8)
  2 polar bears
  13 blink frogs
  10 hippogriffs
  Sigmund (D:2)
  A wyvern (Lair:3)
  23 yaks
  2 basilisks
  2 hungry ghosts
  Duvessa (D:7)
  20 soldier ants (Lair:3)
  8 water moccasins
  12 porcupines
  An orc warrior (D:8)
  2 ice beasts
  2 black bears (D:8)
  2 phantoms
  A necrophage (D:6)
  3 ogres
  The ghost of Shandreya the Chopper, an amateur FoSk (D:3)
  A centaur (D:5)
  6 wolves
  5 crocodiles
  6 bullfrogs
  2 scorpions
  Dowan (D:7)
  9 killer bees
  3 wights (D:8)
  3 electric eels
  3 howler monkeys
  2 crimson imps
  2 bullfrog zombies
  2 hounds (D:8)
  3 jellies (D:8)
  A gnoll shaman (D:8)
  4 orc priests
  5 orc wizards
  A bullfrog skeleton (D:4)
  A centaur skeleton (D:9)
  Ijyb (D:2)
  3 iguanas
  21 worker ants
  Natasha (thrice) (D:2)
  A worker ant zombie (D:5)
  10 gnolls
  12 adders
  2 shadow imps
  6 oozes
  5 worms
  2 dart slugs
  3 leopard geckos
  20 orcs
  3 giant cockroaches
  7 goblins
  5 hobgoblins
  18 jackals
  2 kobolds
  4 quokkas
  A bat (D:3)
  3 frilled lizards
  A jackal skeleton (D:4)
  A leopard gecko skeleton (D:6)
  A leopard gecko zombie (D:6)
  10 rats
  A fungus (Lair:2)
343 creatures vanquished.

Vanquished Creatures (others)
  11 fungi
  5 plants
16 creatures vanquished.

Grand Total: 359 creatures vanquished

Notes
Turn   | Place    | Note
-------+----------+-------------------------------------------
     0 | D:1      | rgaf the Felid Berserker began the quest for the Orb.
     0 | D:1      | Reached XP level 1. HP: 10/10 MP: 2/2
   145 | D:1      | Reached XP level 2. HP: 14/14 MP: 3/3
  1029 | D:2      | Noticed Sigmund
  1051 | D:2      | Killed Sigmund
  1051 | D:2      | Reached skill level 5 in Dodging
  1051 | D:2      | Reached skill level 4 in Unarmed Combat
  1051 | D:2      | Reached XP level 3. HP: 18/18 MP: 4/4
  1051 | D:2      | Reached XP level 4. HP: 22/22 MP: 5/5
  1051 | D:2      | Reached XP level 5. HP: 25/25 MP: 6/6
  1124 | D:2      | Found a white marble altar of Elyvilon.
  1158 | D:2      | Noticed Ijyb
  1166 | D:2      | Noticed Natasha
  1191 | D:2      | Killed Ijyb
  1191 | D:2      | Reached skill level 5 in Unarmed Combat
  1192 | D:2      | Killed Natasha
  1192 | D:2      | Reached ** piety under Trog
  1240 | D:2      | Gained mutation: You are covered in thick fur. (AC +2) [Felid growth]
  1240 | D:2      | Reached XP level 6. HP: 19/28 MP: 7/7
  1821 | D:2      | Noticed Natasha
  1824 | D:2      | Killed Natasha
  1905 | D:2      | Noticed Natasha
  1911 | D:2      | Killed Natasha
  1928 | D:3      | Noticed Shandreya's ghost (amateur FoSk)
  1939 | D:3      | Killed Shandreya's ghost
  2372 | D:3      | Reached skill level 6 in Unarmed Combat
  2444 | D:3      | You fall through a shaft for 3 floors!
  2497 | D:5      | Entered Level 5 of the Dungeon
  2550 | D:5      | Noticed Blork the orc
  2685 | D:4      | Reached *** piety under Trog
  2685 | D:4      | Reached XP level 7. HP: 33/33 MP: 8/8
  3317 | D:4      | Reached skill level 5 in Fighting
  3626 | D:5      | Reached skill level 7 in Unarmed Combat
  3760 | D:5      | Reached XP level 8. HP: 24/37 MP: 9/9
  4881 | D:6      | Reached skill level 8 in Unarmed Combat
  5163 | D:6      | Slain by a hound
  5164 | D:6      | Reached XP level 7. HP: -1/34 MP: 8/8
  5270 | D:6      | Reached **** piety under Trog
  5395 | D:6      | Reached XP level 8. HP: 20/39 MP: 9/9
  5693 | D:6      | Found an iron altar of Okawaru.
  6097 | D:6      | Found a staircase to the Ecumenical Temple.
  6345 | D:7      | Noticed Duvessa
  6345 | D:7      | Noticed Dowan
  6351 | D:7      | Killed Dowan
  6361 | D:7      | Killed Duvessa
  6361 | D:7      | Reached skill level 9 in Unarmed Combat
  6726 | D:7      | Noticed a hippogriff
  6736 | D:7      | Killed a hippogriff
  7012 | D:7      | Reached XP level 9. HP: 43/43 MP: 10/10
  7332 | D:7      | Reached skill level 10 in Unarmed Combat
  7450 | D:7      | Found a basalt altar of Yredelemnul.
  8207 | D:8      | Found a blossoming altar of Fedhas.
  8261 | D:8      | Reached skill level 1 in Stealth
  8292 | D:8      | Reached skill level 10 in Dodging
  8461 | D:8      | Reached skill level 1 in Evocations
  8642 | D:8      | Noticed a troll
  8656 | D:8      | Killed a troll
  8915 | D:8      | Found a staircase to the Lair.
  8923 | D:8      | Reached ***** piety under Trog
  9499 | D:8      | Reached XP level 10. HP: 24/48 MP: 12/12
  9709 | Lair:1   | Entered Level 1 of the Lair of Beasts
  9833 | Lair:1   | Noticed a five-headed hydra
  9852 | Lair:1   | Reached skill level 11 in Unarmed Combat
  9862 | Lair:1   | Killed a five-headed hydra
 10344 | Lair:1   | Reached skill level 5 in Stealth
 10506 | Lair:1   | Noticed a spiny frog
 10514 | Lair:1   | Killed a spiny frog
 11670 | Lair:2   | Found a hole to the Spider Nest.
 12003 | Lair:2   | Noticed a spiny frog
 12010 | Lair:2   | Killed a spiny frog
 12222 | Lair:2   | Reached XP level 11. HP: 47/52 MP: 13/15
 12353 | Lair:2   | Reached skill level 12 in Unarmed Combat
 12987 | Lair:2   | Reached skill level 5 in Evocations
 13871 | Lair:3   | Noticed a death yak
 13873 | Lair:3   | Noticed a death yak
 13873 | Lair:3   | Noticed a death yak
 14129 | Lair:3   | Noticed a five-headed hydra
 14162 | Lair:3   | Killed a five-headed hydra
 14865 | Lair:3   | HP: 2/53 [poisoned by a soldier ant]
 14865 | Lair:3   | Slain by a soldier ant
 14866 | Lair:3   | Reached XP level 10. HP: -3/49 MP: 0/15
 15376 | Lair:3   | Killed a death yak
 15376 | Lair:3   | Reached XP level 11. HP: 53/53 MP: 16/16
 15384 | Lair:3   | Killed a death yak
 15507 | Lair:3   | Reached skill level 13 in Unarmed Combat
 15980 | Lair:3   | Noticed a queen ant
 16001 | Lair:3   | Killed a queen ant
 16853 | Lair:3   | Noticed a six-headed hydra
 16864 | Lair:3   | Killed a six-headed hydra
 17314 | Lair:4   | Noticed a six-headed hydra
 17322 | Lair:4   | Killed a six-headed hydra
 17634 | Lair:4   | Gained mutation: Your thick and shaggy fur keeps you warm. (AC +3, rC+) [Felid growth]
 17634 | Lair:4   | Reached XP level 12. HP: 42/58 MP: 13/18
 17911 | Lair:4   | Reached skill level 10 in Fighting
 18252 | Lair:4   | Found a staircase to the Shoals.
 18525 | Lair:5   | Reached skill level 14 in Unarmed Combat
 18533 | Lair:5   | Reached skill level 10 in Stealth
 18711 | Lair:5   | Noticed a death yak
 18713 | Lair:5   | Noticed a death yak
 18714 | Lair:5   | Noticed a death yak
 18714 | Lair:5   | Noticed a death yak
 18717 | Lair:5   | Noticed a death yak
 18731 | Lair:5   | Killed a death yak
 18742 | Lair:5   | Killed a death yak
 18751 | Lair:5   | Noticed a death yak
 18751 | Lair:5   | Noticed a death yak
 18751 | Lair:5   | Noticed a death yak
 18751 | Lair:5   | Noticed a death yak
 18751 | Lair:5   | Noticed a death yak
 18751 | Lair:5   | Noticed a death yak
 18752 | Lair:5   | Slain by a death yak
 18753 | Lair:5   | Reached XP level 11. HP: -5/54 MP: 0/17
 18969 | Lair:5   | Killed a death yak
 19045 | Lair:5   | Killed a death yak
 19051 | Lair:5   | Killed a death yak
 19055 | Lair:5   | Killed a death yak
 19059 | Lair:5   | Killed a death yak
 19065 | Lair:5   | Killed a death yak
 19071 | Lair:5   | Mangled by a death yak

Vault maps used:
D:1:      lightli_arrival_lavapool, kennysheep_boxes
D:2:      nicolae_overflow_hidden_temple, uniq_natasha, uniq_iyjb, uniq_sigmund
D:5:      kennysheep_big_flooded_room, first_bread, uniq_blork_the_orc
D:6:      okawaru_ov_weapons_minmay, hangedman_abyss_or_decor_stabs,
          grunt_decor_arrowhead
D:7:      kennysheep_mini_moat, uniq_duvessa
D:8:      erik_lair_island, basic_altar, hangedman_little_slice_of_home
Lair:1:   cheibrodos_lair_caveside_slide, serial_bayou_shore_b
Lair:2:   spider_nest_entry_rubble, st_stairs_9, grunt_megastairs_2
Lair:3:   grunt_forest_small_clearings, minivault_29
Lair:4:   elwin_shoals_entry_rooms, grunt_megastairs_5

Skill      XL: |  1  2  3  4  5  6  7  8  9 10 11 12 |
---------------+-------------------------------------+-----
Fighting       | 4 6 7 8 9 10 | 10.4
Dodging        | 5 6 8 9 10 11 13 | 13.1
Unarmed Combat | 4 5 6 7 9 10 11 13 14 | 14.4
Stealth        | 3 5 9 10 | 10.6
Evocations     | 2 6 8 |  8.3

Action                   |  1- 3 |  4- 6 |  7- 9 | 10-12 || total
-------------------------+-------+-------+-------+-------++-------
Melee: Unarmed           |    61 |   139 |   464 |   755 ||  1419
       Bite              |     4 |    18 |    47 |   110 ||   179
       Punch             |     1 |     6 |    21 |    55 ||    83
Invok: Berserk           |     1 |     2 |     7 |     9 ||    19
       Trog's Hand       |       |       |     1 |       ||     1
       Brothers in Arms  |       |       |       |     1 ||     1
Evoke: Wand              |       |       |     2 |    10 ||    12
  Use: Scroll            |     3 |       |     4 |     4 ||    11
       Potion            |       |       |     4 |     2 ||     6
 Stab: Sleeping          |     1 |     2 |     5 |    15 ||    23
       Distracted        |       |     2 |       |    10 ||    12
  Eat: Chunk             |     8 |     6 |    30 |    35 ||    79
Armor: Skin              |       |     2 |    16 |    17 ||    35
Dodge: Dodged            |    42 |   121 |   406 |   537 ||  1106
